[Event "Titled Tuesday Blitz December 06 Early 2022"]
[White "tufferguy"]
[Black "Madaminov, Mukhiddin"]
[BlackFideId "14210703"]
[WhiteElo "2586"]
[BlackElo "2333"]
[Result "1-0"]
[Round "05"]
[TimeControl "180+1"]
[Date "2022.12.06"]
[WhiteClock "0:00:28"]
[BlackClock "0:01:09"]

1. e4 e5 2. Nf3 Nc6 3. Nc3 Nf6 4. d4 exd4 5. Nxd4 Bb4 6. Nxc6 bxc6 7. Bd3 d5 8. Bd2 O-O 9. O-O Rb8 10. Re1 d4 11. Ne2 Bxd2 12. Qxd2 Rxb2 13. e5 Ng4 14. Nxd4 c5 15. Nf3 c4 16. Qc3 Rb6 17. Qxc4 Be6 18. Qf4 Nh6 19. Ng5 Bd5 20. Nxh7 Re8 21. Nf6+ gxf6 22. Qxh6 f5 23. Qf4 Rg6 24. g3 Bb7 25. Bxf5 Qd5 26. Be4 Qc4 27. Bxg6 Qxf4 28. gxf4 fxg6 29. Rad1 Bc6 30. e6 Kg7 31. e7 Kf6 32. Rd8 Rxe7 33. Rxe7 Kxe7 34. Rc8 Kd7 35. Rg8 Be4 36. c3 c5 37. Kf1 Kc6 38. Ke2 Kb5 39. Ke3 Bf5 40. Rf8 Kc4 41. Rxf5 gxf5 42. h4 Kxc3 43. h5 c4 44. h6 Kb2 45. h7 Kxa2 46. h8=Q Kb3 47. Kd2 Kb4 48. Qb8+ Kc5 49. Kc3 Kd5 50. Qe5+ Kc6 51. Kxc4 a5 52. Qxa5 Kd7 53. Qb6 Ke8 54. Qc7 Kf8 55. Kd5 Kg8 56. Ke6 Kh8 57. Kf6 Kg8 58. Qg7# 1-0


[Site "https://www.chess.com"]

[Event "Titled Tuesday Blitz December 06 Early 2022"]
[White "Ahn, Hongjin"]
[Black "Bazarov, Konstantin"]
[WhiteFideId "13201492"]
[BlackFideId "4137000"]
[WhiteElo "2182"]
[BlackElo "2228"]
[Result "0-1"]
[Round "06"]
[TimeControl "180+1"]
[Date "2022.12.07"]
[WhiteClock "0:01:34"]
[BlackClock "0:01:38"]

1. e4 b6 2. d4 Bb7 3. Bd3 e6 4. Qe2 Nf6 5. Nd2 Be7 6. Ngf3 c5 7. c3 Nc6 8. a3 d5 9. e5 Nd7 10. h4 h6 11. Bb1 Qc7 12. h5 cxd4 13. Nxd4 Nxd4 14. cxd4 Qxc1+ 15. Qd1 Qxb2 16. Bd3 Qxd4 17. Nf3 Qc3+ 18. Kf1 a5 19. Rb1 O-O 20. Rh3 Nxe5 21. Nxe5 Qxe5 22. Rxb6 Qc7 23. Rb1 Ba6 24. Rg3 Bxd3+ 25. Qxd3 Qc4 26. Qxc4 0-1


[Site "https://www.chess.com"]

[Event "Titled Tuesday Blitz December 06 Early 2022"]
[White "Aloma Vidal, Robert"]
[Black "Leve, Nitai"]
[WhiteFideId "2260409"]
[BlackFideId "2006898"]
[WhiteElo "2435"]
[BlackElo "2144"]
[Result "0-1"]
[Round "06"]
[TimeControl "180+1"]
[Date "2022.12.07"]
[WhiteClock "0:00:07"]
[BlackClock "0:00:08"]

1. e4 c6 2. d4 d5 3. e5 c5 4. dxc5 Nc6 5. f4 Bf5 6. Nf3 e6 7. Be3 f6 8. Bd3 Nh6 9. O-O d4 10. Bf2 Bxc5 11. Nbd2 Bxd3 12. cxd3 fxe5 13. Ne4 Bb6 14. fxe5 O-O 15. Qb3 Qd5 16. Qxd5 exd5 17. Nd6 Ng4 18. Bg3 Bc7 19. Nxb7 Rab8 20. Rac1 Bxe5 21. Nxe5 Rxf1+ 22. Kxf1 Ncxe5 23. Rc7 Nxd3 24. b3 Nb4 25. Ke2 d3+ 26. Kd2 Re8 27. Nd6 Re2+ 28. Kc1 Nxa2+ 29. Kb1 h5 30. Rc8+ Kh7 31. Bf4 d2 32. Bxd2 Rxd2 33. Nf5 Nb4 34. Rc7 Kg6 35. Ne7+ Kf6 36. h3 Ne3 37. g4 hxg4 38. hxg4 d4 39. Ng8+ Ke5 40. Rxa7 Nd1 41. Re7+ Kf4 42. Kc1 Rd3 43. Rxg7 Ne3 44. Nf6 Rd1+ 45. Kb2 Rd2+ 46. Ka3 Nbd5 47. Nh5+ Ke4 48. g5 d3 49. g6 Nc2+ 50. Ka4 Nd4 51. Nf6+ Kf5 52. Nxd5 Ra2+ 53. Kb4 d2 54. Ne3+ Ke4 55. Nd1 Ra1 56. Re7+ Kd3 57. Rd7 Rxd1 58. g7 Rg1 59. Kc5 Rg5+ 60. Kb4 d1=Q 61. Ka4 Qa1+ 62. Kb4 Qc3+ 63. Ka4 Qc6+ 64. Ka3 Qxd7 65. Kb2 Rxg7 66. b4 Rg2+ 67. Ka3 Qa7# 0-1


[Site "https://www.chess.com"]

[Event "Titled Tuesday Blitz December 06 Early 2022"]
[White "Araujo Sanchez, Josue"]
[Black "Movahed, Sina"]
[WhiteFideId "6416896"]
[BlackFideId "42520835"]
[WhiteElo "2370"]
[BlackElo "2225"]
[Result "0-1"]
[Round "06"]
[TimeControl "180+1"]
[Date "2022.12.06"]
[WhiteClock "0:01:03"]
[BlackClock "0:00:33"]

1. c4 Nf6 2. Nf3 g6 3. Nc3 Bg7 4. g3 O-O 5. Bg2 c5 6. O-O d5 7. cxd5 Nxd5 8. Nxd5 Qxd5 9. d3 Nc6 10. Be3 Qd6 11. Nd2 Nd4 12. Ne4 Qb6 13. Rb1 Be6 14. b3 a5 15. Nd2 Rfd8 16. Nc4 Qa6 17. a4 Rac8 18. Bxd4 Bxd4 19. Qd2 b6 20. h4 h5 21. Kh2 Bf6 22. Bh3 Bxh3 23. Kxh3 Rc6 24. Qf4 Qc8+ 25. Kg2 Rd4 26. Qf3 Bxh4 27. gxh4 Rg4+ 28. Kh2 Rxh4+ 29. Kg2 Rf6 30. Qe3 Rff4 31. Rg1 Qf5 32. Ne5 Rxf2+ 33. Qxf2 Qh3# 0-1


[Site "https://www.chess.com"]

[Event "Titled Tuesday Blitz December 06 Early 2022"]
[White "Aravindh, Chithambaram VR."]
[Black "Boyer, Mahel"]
[WhiteFideId "5072786"]
[BlackFideId "45102422"]
[WhiteElo "2586"]
[BlackElo "2455"]
[Result "1-0"]
[Round "06"]
[TimeControl "180+1"]
[Date "2022.12.06"]
[WhiteClock "0:00:06"]
[BlackClock "0:00:03"]

1. e4 Nc6 2. Nf3 d5 3. exd5 Qxd5 4. Nc3 Qh5 5. Bb5 Bg4 6. Bxc6+ bxc6 7. d3 e6 8. h3 Ne7 9. Ne4 Bxf3 10. Qxf3 Qxf3 11. gxf3 Nf5 12. c3 a5 13. a4 Rb8 14. Kd1 c5 15. Kc2 Kd7 16. Be3 Kc6 17. Nd2 Bd6 18. Nc4 Ra8 19. Rae1 h6 20. f4 g5 21. fxg5 Nxe3+ 22. fxe3 hxg5 23. e4 Bf4 24. Ref1 Rh4 25. Rf3 Kb7 26. d4 cxd4 27. cxd4 Ka6 28. Rd1 Rb8 29. d5 f5 30. dxe6 fxe4 31. Rc3 Re8 32. Rb3 e3 33. Rd5 c5 34. Rxc5 Bc7 35. Rc6+ Ka7 36. Rxc7+ Ka6 37. Rb6# 1-0


[Site "https://www.chess.com"]

[Event "Titled Tuesday Blitz December 06 Early 2022"]
[White "Bacrot, Etienne"]
[Black "Sharafiev, Azat"]
[WhiteFideId "605506"]
[BlackFideId "4186214"]
[WhiteElo "2667"]
[BlackElo "2350"]
[Result "1-0"]
[Round "06"]
[TimeControl "180+1"]
[Date "2022.12.07"]
[WhiteClock "0:01:00"]
[BlackClock "0:00:09"]

1. e4 c5 2. Nf3 Nc6 3. Bb5 g6 4. O-O Bg7 5. Re1 Nf6 6. e5 Nd5 7. Nc3 Nc7 8. Bf1 O-O 9. Ne4 b6 10. Ng3 d6 11. exd6 exd6 12. c3 Ne6 13. h4 Bb7 14. h5 d5 15. d4 cxd4 16. Bd3 dxc3 17. bxc3 Nc5 18. Bg5 Qd6 19. Qd2 Nxd3 20. Qxd3 Rfe8 21. h6 Bh8 22. Ne4 Rxe4 23. Rxe4 Ba6 24. Qd2 Qc5 25. Re3 d4 26. cxd4 Nxd4 27. Rc1 Nxf3+ 28. Rxf3 Qf8 29. Rc7 Bc4 30. Rxc4 1-0


[Site "https://www.chess.com"]

[Event "Titled Tuesday Blitz December 06 Early 2022"]
[White "Barria Zuniga, Daniel"]
[Black "Osinovsky, Stepan"]
[WhiteFideId "3400816"]
[BlackFideId "4157354"]
[WhiteElo "2414"]
[BlackElo "2222"]
[Result "0-1"]
[Round "06"]
[TimeControl "180+1"]
[Date "2022.12.07"]
[WhiteClock "0:00:01"]
[BlackClock "0:00:28"]

1. d4 Nf6 2. c4 g6 3. Nc3 Bg7 4. e4 O-O 5. Be2 d6 6. Nf3 Nbd7 7. e5 Ne8 8. exd6 Nxd6 9. O-O c5 10. d5 a6 11. a4 Qa5 12. Bd2 Qb4 13. a5 Nxc4 14. Na2 Nxb2 15. Qc2 Qa4 16. Qb1 c4 17. Nc3 Qb3 18. Qc1 Nc5 19. Rb1 Ncd3 20. Bxd3 Nxd3 21. Qd1 Qxd1 22. Rfxd1 Rd8 23. Ra1 Bg4 24. Ra4 Rac8 25. h3 Bxf3 26. gxf3 Nb2 27. Rb1 Nxa4 28. Nxa4 Rxd5 0-1


[Site "https://www.chess.com"]

[Event "Titled Tuesday Blitz December 06 Early 2022"]
[White "Bashirli, Saadat"]
[Black "Sava, Christiansen-Danut-Eugen"]
[WhiteFideId "13429990"]
[BlackFideId "1210114"]
[WhiteElo "1408"]
[BlackElo "1904"]
[Result "0-1"]
[Round "06"]
[TimeControl "180+1"]
[Date "2022.12.07"]
[WhiteClock "0:01:28"]
[BlackClock "0:02:19"]

1. d4 Nf6 2. c4 e6 3. Nc3 Bb4 4. e3 b6 5. Bd3 Bxc3+ 6. bxc3 Bb7 7. f3 c5 8. Ne2 Nc6 9. O-O Na5 10. Ba3 d6 11. e4 e5 12. Rb1 O-O 13. Kh1 Ba6 14. Qa4 Rc8 15. Rfd1 Qe7 16. Ng3 g6 17. Ne2 cxd4 18. cxd4 Bxc4 19. dxe5 Qxe5 20. Bxd6 Qxd6 21. Bxc4 Rxc4 22. Qxc4 Qxd1+ 23. Rxd1 Nxc4 24. Rc1 b5 25. Nd4 a6 26. a4 Rd8 27. Nc6 Rd6 28. axb5 axb5 29. Na7 b4 30. h3 b3 31. Nc8 b2 32. Rb1 Ra6 33. Ne7+ Kf8 34. Nc8 Ra1 0-1


[Site "https://www.chess.com"]

[Event "Titled Tuesday Blitz December 06 Early 2022"]
[White "Begunov, Konstantin"]
[Black "Chlpik, Martin"]
[WhiteFideId "4118510"]
[BlackFideId "14923351"]
[WhiteElo "2141"]
[BlackElo "2109"]
[Result "1-0"]
[Round "06"]
[TimeControl "180+1"]
[Date "2022.12.07"]
[WhiteClock "0:00:21"]
[BlackClock "0:00:19"]

1. d4 Nf6 2. c4 c5 3. Nf3 cxd4 4. Nxd4 e5 5. Nb5 d5 6. cxd5 Bc5 7. d6 Bxf2+ 8. Kxf2 Qb6+ 9. e3 Ng4+ 10. Ke1 Nxe3 11. Bxe3 Qxe3+ 12. Be2 O-O 13. Nc7 Nc6 14. Nxa8 Bg4 15. Nc7 Bxe2 16. Qxe2 Qc1+ 17. Qd1 Qxb2 18. Nd2 Nd4 19. Rb1 Qa3 20. Nb5 Qe3+ 21. Kf1 Qd3+ 22. Kf2 Nxb5 23. Nf3 Qc4 24. Re1 Nc3 25. Qc2 e4 26. Rbc1 Qc5+ 27. Re3 exf3 28. Qxc3 Qxd6 29. Rxf3 Qxh2 30. Rg3 Qh4 31. Qxg7# 1-0


[Site "https://www.chess.com"]

[Event "Titled Tuesday Blitz December 06 Early 2022"]
[White "Belozerov, Andrei"]
[Black "Saravana, Krishnan P."]
[WhiteFideId "4120213"]
[BlackFideId "5018382"]
[WhiteElo "2360"]
[BlackElo "2190"]
[Result "1-0"]
[Round "06"]
[TimeControl "180+1"]
[Date "2022.12.07"]
[WhiteClock "0:00:15"]
[BlackClock "0:00:01"]

1. e4 c6 2. d4 d5 3. exd5 cxd5 4. Bd3 Nc6 5. c3 g6 6. h3 Bg7 7. Nf3 Nh6 8. O-O f6 9. Re1 O-O 10. c4 e6 11. Nc3 Nf7 12. cxd5 exd5 13. Bf4 f5 14. Bb5 Nd6 15. Bxc6 bxc6 16. Be5 Ne4 17. Bxg7 Kxg7 18. Ne5 Qb6 19. Na4 Qd8 20. Rc1 Qh4 21. Qe2 f4 22. Rxc6 Bxh3 23. gxh3 f3 24. Rc7+ Kg8 25. Nxf3 Qxh3 26. Ne5 Rxf2 27. Qxf2 Nxf2 28. Kxf2 Rf8+ 29. Ke2 Qh2+ 30. Kd1 Rf2 31. Nd3 Rd2+ 32. Kc1 Qxc7+ 33. Kxd2 Qc4 34. Nac5 Qxd4 35. Re8+ Kf7 36. Ra8 g5 37. Rxa7+ Kg6 38. Ra6+ Kh5 39. b4 Qa1 40. b5 Qb1 41. b6 g4 42. b7 g3 43. Ra8 g2 44. Rg8 1-0


[Site "https://www.chess.com"]

[Event "Titled Tuesday Blitz December 06 Early 2022"]
[White "Bochnicka, Vladimir"]
[Black "Skliarov, Viktor"]
[WhiteFideId "14943450"]
[BlackFideId "14106736"]
[WhiteElo "2239"]
[BlackElo "2284"]
[Result "0-1"]
[Round "06"]
[TimeControl "180+1"]
[Date "2022.12.07"]
[WhiteClock "0:00:04"]
[BlackClock "0:00:54"]

1. e4 c5 2. Nf3 Nc6 3. d4 cxd4 4. Nxd4 g6 5. c4 Bg7 6. Be3 Nf6 7. Nc3 Ng4 8. Qxg4 Nxd4 9. Qd1 Ne6 10. Be2 Bxc3+ 11. bxc3 O-O 12. O-O d6 13. f4 Qa5 14. Qe1 Nc5 15. Bf3 Be6 16. f5 Bxc4 17. Bd4 Bxf1 18. Qxf1 e5 19. Be3 Qxc3 20. Bh6 Qd4+ 21. Kh1 Nd3 22. h3 Nf2+ 23. Kh2 Nxe4 24. Rd1 Qa4 25. Be2 f6 26. Bc4+ Kh8 27. fxg6 hxg6 28. Bd3 d5 0-1


[Site "https://www.chess.com"]

[Event "Titled Tuesday Blitz December 06 Early 2022"]
[White "Bok, Benjamin"]
[Black "Putnam, Liam"]
[WhiteFideId "1017063"]
[BlackFideId "30938279"]
[WhiteElo "2658"]
[BlackElo "2082"]
[Result "1-0"]
[Round "06"]
[TimeControl "180+1"]
[Date "2022.12.06"]
[WhiteClock "0:00:21"]
[BlackClock "0:00:02"]

1. d4 Nf6 2. c4 g6 3. g3 Bg7 4. Bg2 O-O 5. Nc3 Nc6 6. Nf3 d5 7. cxd5 Nxd5 8. O-O Nb6 9. d5 Na5 10. e4 c6 11. Bf4 Nac4 12. b3 Bxc3 13. bxc4 cxd5 14. cxd5 Bxa1 15. Qxa1 f6 16. Bh6 Re8 17. e5 Qxd5 18. exf6 exf6 19. Qxf6 Qf7 20. Qa1 Bf5 21. Ng5 Qe7 22. a4 Qe5 23. a5 Nd7 24. Bd5+ Be6 25. Bxe6+ Rxe6 26. Nxe6 Re8 27. Qxe5 Nxe5 28. Nc7 Rc8 29. Nd5 Rc5 30. Nf6+ Kf7 31. Nxh7 Nf3+ 32. Kg2 Ne5 33. Rb1 Rxa5 34. Rxb7+ Ke6 35. Be3 Nc6 36. Ng5+ Kd6 37. h4 Ra2 38. Ne4+ Ke6 39. Nc5+ Kd5 40. Nd3 a5 41. Rb5+ Kc4 42. Rc5+ Kxd3 43. Rxc6 a4 44. Rxg6 a3 45. Ra6 Ra1 46. h5 a2 47. h6 Kc2 48. h7 Kd1 49. h8=Q Rb1 50. Rxa2 Ke1 51. Qh1# 1-0


[Site "https://www.chess.com"]

[Event "Titled Tuesday Blitz December 06 Early 2022"]
[White "Bon, Michael"]
[Black "Estrada Nieto, Julian"]
[WhiteFideId "620696"]
[BlackFideId "5101018"]
[WhiteElo "2387"]
[BlackElo "2195"]
[Result "0-1"]
[Round "06"]
[TimeControl "180+1"]
[Date "2022.12.07"]
[WhiteClock "0:00:13"]
[BlackClock "0:00:07"]

1. e4 e5 2. Nf3 Nc6 3. Bc4 Bc5 4. c3 Nf6 5. d3 d6 6. h3 a6 7. Bb3 Ba7 8. g4 h6 9. Nbd2 Be6 10. Bc2 d5 11. Qe2 Qd7 12. Nf1 O-O-O 13. Ng3 g6 14. Be3 d4 15. Bd2 Kb8 16. c4 Bc5 17. a3 a5 18. Ba4 Qd6 19. Bxc6 bxc6 20. b4 axb4 21. axb4 Bxb4 22. O-O c5 23. Rfb1 Kc8 24. Bxb4 cxb4 25. c5 Qxc5 26. Rc1 Qd6 27. Ra5 Nxg4 28. hxg4 Bxg4 29. Qc2 Bxf3 30. Qa4 Qb6 31. Ra8+ Kb7 32. Ra7+ Qxa7 33. Rxc7+ Kxc7 34. Qxa7+ Kd6 35. Qb6+ Ke7 36. Qxb4+ Kf6 37. Qc5 Kg7 38. Kh2 Rhe8 39. Nf1 h5 40. Kg3 Bg4 41. Nd2 Rc8 42. Qa5 Rc2 43. Nc4 Rc3 44. Qa4 Rxd3+ 45. Kg2 Re6 46. f3 Bxf3+ 47. Kf2 Rf6 48. Ke1 Rd1+ 49. Qxd1 Bxd1 50. Kxd1 Rf4 51. Nxe5 Rxe4 52. Nd3 h4 53. Nf2 Rf4 54. Nh3 g5 55. Nxg5 Rg4 56. Nh3 Kg6 57. Nf2 Rg3 58. Ke2 Kf5 59. Kf1 h3 60. Nh1 Re3 61. Kf2 Ke4 62. Ng3+ Rxg3 63. Ke2 d3+ 64. Kd2 Rg2+ 65. Ke1 d2+ 66. Kd1 Ke3 67. Kc2 h2 68. Kd1 Rg1+ 69. Kc2 d1=Q+ 70. Kc3 Qb1 71. Kc4 Rc1+ 72. Kd5 Qe4+ 73. Kd6 Rc6+ 74. Kd7 Qe6+ 75. Kd8 Rc8# 0-1


[Site "https://www.chess.com"]

[Event "Titled Tuesday Blitz December 06 Early 2022"]
[White "Borgaonkar Akshay"]
[Black "Boros, Denes"]
[WhiteFideId "25639110"]
[BlackFideId "722340"]
[WhiteElo "2063"]
[BlackElo "2464"]
[Result "0-1"]
[Round "06"]
[TimeControl "180+1"]
[Date "2022.12.07"]
[WhiteClock "0:00:21"]
[BlackClock "0:02:04"]

1. c3 Nc6 2. d4 e5 3. d5 Nce7 4. e4 Ng6 5. Nf3 Bc5 6. a4 a5 7. Be2 Nf6 8. Nbd2 c6 9. dxc6 bxc6 10. Nc4 Nxe4 11. O-O d6 12. Bd3 Nf6 13. Re1 O-O 14. Rb1 e4 15. b4 axb4 16. cxb4 Ba7 17. Bxe4 Nxe4 18. Rxe4 d5 19. Ng5 dxe4 20. Qh5 h6 21. Nxe4 Qd5 22. Qe2 Bf5 23. Ned6 Bxb1 0-1


[Site "https://www.chess.com"]

[Event "Titled Tuesday Blitz December 06 Early 2022"]
[White "Buscar, Michael"]
[Black "Omelja, Artem"]
[WhiteFideId "2603616"]
[BlackFideId "14119846"]
[WhiteElo "2010"]
[BlackElo "2404"]
[Result "0-1"]
[Round "06"]
[TimeControl "180+1"]
[Date "2022.12.07"]
[WhiteClock "0:00:14"]
[BlackClock "0:00:02"]

1. Nf3 d5 2. g3 Nf6 3. Bg2 c6 4. O-O Bf5 5. c4 e6 6. b3 Nbd7 7. Bb2 h6 8. d3 Be7 9. Nbd2 O-O 10. Ne5 Nxe5 11. Bxe5 Nd7 12. Bb2 Bf6 13. Qc1 Bxb2 14. Qxb2 Nf6 15. Nf3 Qc7 16. Qe5 Qd7 17. Rfd1 Bg6 18. Qf4 Bh7 19. Ne5 Qc7 20. Ng6 Qxf4 21. Nxf4 e5 22. Nh3 Rfd8 23. f4 e4 24. Nf2 e3 25. Nh3 Rac8 26. Kf1 Ng4 27. Kg1 d4 28. Bf3 Nf6 29. Kg2 Bf5 30. Ng1 h5 31. h3 g6 32. Kh2 Kf8 33. Bg2 Ke7 34. Nf3 a5 35. a3 b6 36. b4 c5 37. bxa5 bxa5 38. Rab1 Rb8 39. Ne5 Bd7 40. Bc6 Be6 41. Rb5 Rxb5 42. Bxb5 Kd6 43. Rb1 Rb8 44. a4 Ng8 45. Rh1 Ne7 46. Kg2 f6 47. Nf3 Bf5 48. Kf1 Be6 49. Ke1 Rh8 50. Kd1 Nf5 51. Rg1 Ng7 52. Rh1 Ne8 53. Ke1 Nc7 54. Kf1 Rh7 55. Kg2 Bf5 56. Rb1 Re7 57. Rb2 Re6 58. Nh4 Re7 59. Nxf5+ gxf5 60. Kf3 Rg7 61. Rb1 Rg8 62. Rg1 Ne6 63. Rb1 Rb8 64. Rg1 Rg8 65. Rd1 Ng7 66. Rb1 h4 67. g4 fxg4+ 68. hxg4 Ne6 69. Rh1 Rh8 70. Rh3 Ng7 0-1


[Site "https://www.chess.com"]

[Event "Titled Tuesday Blitz December 06 Early 2022"]
[White "Chernov, Mikhail"]
[Black "Yuan, Qingyu"]
[WhiteFideId "24143170"]
[BlackFideId "8609772"]
[WhiteElo "2113"]
[BlackElo "2359"]
[Result "0-1"]
[Round "06"]
[TimeControl "180+1"]
[Date "2022.12.07"]
[WhiteClock "0:00:03"]
[BlackClock "0:00:16"]

1. e4 e5 2. Nc3 Nf6 3. Bc4 Nc6 4. d3 Na5 5. Nge2 Bc5 6. O-O O-O 7. a4 Nxc4 8. dxc4 h6 9. Qd3 d6 10. b3 Be6 11. Be3 Nd7 12. Rad1 f5 13. f3 f4 14. Bxc5 Nxc5 15. Qd2 a5 16. Nd5 Rf7 17. Nec3 g5 18. Ne2 Rg7 19. Kh1 Kh8 20. Ng1 h5 21. Qf2 Qe8 22. Nc3 Qe7 23. Nd5 Qf7 24. Ne2 Rag8 25. Nc1 Qf8 26. Nd3 Nxd3 27. Rxd3 b6 28. c3 Qd8 29. b4 g4 30. fxg4 hxg4 31. Qe2 c6 32. Nxb6 Qxb6 33. Rxd6 Rg6 34. c5 Qc7 35. Rfd1 Qh7 36. Rxc6 Rh6 37. Kg1 Rxh2 0-1


[Site "https://www.chess.com"]

[Event "Titled Tuesday Blitz December 06 Early 2022"]
[White "Chigaev, Maksim"]
[Black "Gormally, Daniel W"]
[WhiteFideId "4108116"]
[BlackFideId "406465"]
[WhiteElo "2542"]
[BlackElo "2553"]
[Result "0-1"]
[Round "06"]
[TimeControl "180+1"]
[Date "2022.12.06"]
[WhiteClock "0:00:04"]
[BlackClock "0:00:22"]

1. e4 c5 2. Nf3 d6 3. d4 cxd4 4. Nxd4 Nf6 5. Nc3 Nc6 6. Bg5 e6 7. Bb5 Qb6 8. Qd3 Be7 9. Be3 Qc7 10. O-O-O O-O 11. Bxc6 bxc6 12. f4 d5 13. e5 Nd7 14. h4 c5 15. Nf5 exf5 16. Nxd5 Qd8 17. Qc3 Bb7 18. h5 Bxd5 19. Rxd5 Qc7 20. h6 Nb6 21. Rd6 g6 22. Rhd1 Qb7 23. Qxc5 Rac8 24. Qb5 Qe4 25. R6d3 Nc4 26. Bxa7 Qxf4+ 27. Kb1 Qxe5 28. Qxe5 Nxe5 29. Rb3 Nc4 30. Bd4 Rfd8 0-1


[Site "https://www.chess.com"]

[Event "Titled Tuesday Blitz December 06 Early 2022"]
[White "Ciuffoletti, Paolo"]
[Black "Turzo, Attila"]
[WhiteFideId "807630"]
[BlackFideId "704954"]
[WhiteElo "2143"]
[BlackElo "2467"]
[Result "0-1"]
[Round "06"]
[TimeControl "180+1"]
[Date "2022.12.07"]
[WhiteClock "0:00:01"]
[BlackClock "0:00:59"]

1. e4 e5 2. Nf3 Nc6 3. Bc4 Nf6 4. d4 exd4 5. Ng5 d5 6. exd5 Ne5 7. Qe2 Qe7 8. O-O Nxc4 9. Qxc4 Bf5 10. d6 cxd6 11. Na3 h6 12. Nf3 Be6 13. Qb5+ Qd7 14. Nxd4 Qxb5 15. Naxb5 Kd7 16. Bf4 a6 17. Nxe6 fxe6 18. Nc3 d5 19. Rad1 Rc8 20. Be5 Bd6 21. Rfe1 Rc4 22. h3 Rhc8 23. Bxd6 Kxd6 24. Re3 b5 25. Red3 b4 26. Ne2 Rxc2 27. R1d2 Ne4 28. Rxc2 Rxc2 29. Ng3 Nxf2 30. Rb3 a5 31. Nf1 Nd1 32. Rg3 g5 33. Ne3 Nxe3 34. Rxe3 Rxb2 35. a3 b3 36. a4 d4 37. Rd3 Kd5 38. Kf1 Kc4 39. Rf3 d3 0-1


[Site "https://www.chess.com"]

[Event "Titled Tuesday Blitz December 06 Early 2022"]
[White "Clawitter, Craig"]
[Black "Vifleemskaia, Svetlana"]
[WhiteFideId "2023105"]
[BlackFideId "4129490"]
[WhiteElo "2182"]
[BlackElo "1930"]
[Result "0-1"]
[Round "06"]
[TimeControl "180+1"]
[Date "2022.12.07"]
[WhiteClock "0:00:01"]
[BlackClock "0:00:26"]

1. e4 e5 2. Nf3 Nc6 3. Bb5 a6 4. Ba4 Nf6 5. O-O Be7 6. d3 b5 7. Bb3 d6 8. a4 b4 9. a5 O-O 10. Nbd2 h6 11. h3 Re8 12. Nc4 Bf8 13. Bd2 g6 14. Ne3 Bg7 15. Nd5 Be6 16. Ba4 Bd7 17. Nxb4 Nxb4 18. Bxb4 c5 19. Bd2 Be6 20. Bxe8 Qxe8 21. Nh2 Nh5 22. Ng4 Kh7 23. Ne3 Nf4 24. Qf3 Qd7 25. Nd5 g5 26. Nb6 Qb7 27. Nxa8 Qxa8 28. Bxf4 exf4 29. c3 Kg6 30. Rfe1 Qb8 31. b4 Bxc3 32. bxc5 Bxe1 33. Rxe1 dxc5 34. e5 Qb5 35. Qe4+ Bf5 36. Qd5 Qxa5 37. Rc1 Qd2 38. Rxc5 Qxd3 39. Qxd3 Bxd3 40. g3 fxg3 41. fxg3 Kf5 42. Kf2 h5 43. Ke3 Bb5 44. Kd4 h4 45. g4+ Kf4 46. Rc7 Kg3 47. Rxf7 Kxh3 48. e6 Kxg4 49. e7 h3 50. Rh7 Kg3 51. Ke5 g4 52. Kf5 h2 53. Rxh2 Kxh2 54. Kxg4 a5 55. Kf3 a4 56. Ke3 a3 57. e8=Q Bxe8 0-1


[Site "https://www.chess.com"]

[Event "Titled Tuesday Blitz December 06 Early 2022"]
[White "Concio, Michael Jr."]
[Black "Rangel, Daniel"]
[WhiteFideId "5217873"]
[BlackFideId "2124475"]
[WhiteElo "2263"]
[BlackElo "2225"]
[Result "1-0"]
[Round "06"]
[TimeControl "180+1"]
[Date "2022.12.07"]
[WhiteClock "0:00:04"]
[BlackClock "0:00:01"]

1. e4 c5 2. Nf3 g6 3. d4 cxd4 4. Nxd4 Bg7 5. Nc3 Nc6 6. Be3 Nf6 7. Be2 O-O 8. Qd2 d5 9. Nxc6 bxc6 10. e5 Ng4 11. Bxg4 Bxg4 12. Bh6 Bxe5 13. Bxf8 Qxf8 14. h3 Bd7 15. O-O Rb8 16. Rab1 Bd6 17. Qd4 Rb7 18. Rfe1 Qh6 19. b3 Bxh3 20. Ne2 Bf5 21. Ng3 Bd7 22. c4 e5 23. Rxe5 Bxe5 24. Qxe5 Qg7 25. Qe7 Qf8 26. Qe1 Qe8 27. Qd1 dxc4 28. bxc4 Rxb1 29. Qxb1 Qe5 30. Qb7 Be6 31. Qxc6 Qa1+ 32. Kh2 Qxa2 33. c5 a5 34. Qa8+ Kg7 35. Qe4 Qb2 36. c6 Qc3 37. Ne2 Qc5 38. Nf4 Qd6 39. g3 Bf5 40. Qc4 Qd2 41. Qc5 a4 42. c7 a3 43. Nh3 Qh6 44. Qe5+ Kg8 45. Qxf5 gxf5 46. c8=Q+ Qf8 47. Qc3 1-0


[Site "https://www.chess.com"]

[Event "Titled Tuesday Blitz December 06 Early 2022"]
[White "Corrales Jimenez, Fidel"]
[Black "Tasev, Dejan"]
[WhiteFideId "3506690"]
[BlackFideId "936618"]
[WhiteElo "2541"]
[BlackElo "2253"]
[Result "1-0"]
[Round "06"]
[TimeControl "180+1"]
[Date "2022.12.06"]
[WhiteClock "0:00:14"]
[BlackClock "0:00:04"]

1. e4 c6 2. d4 d5 3. e5 Bf5 4. h4 h6 5. g4 Be4 6. f3 Bg6 7. e6 Qd6 8. exf7+ Kxf7 9. Ne2 Nd7 10. h5 Bh7 11. Bf4 e5 12. dxe5 Nxe5 13. Bg2 Re8 14. O-O Nf6 15. Nbc3 Qc7 16. Kh1 Bd6 17. b3 Rhf8 18. Bd2 Kg8 19. Nd4 a6 20. Nde2 c5 21. Nf4 d4 22. Nce2 Nexg4 23. fxg4 Nxg4 24. Nxd4 cxd4 25. Qxg4 Qxc2 26. Ne6 Rxf1+ 27. Rxf1 Be5 28. Bxh6 Qc3 29. Bxg7 Qg3 30. Qxg3 Bxg3 31. h6 Rxe6 32. Rf8# 1-0


[Site "https://www.chess.com"]

[Event "Titled Tuesday Blitz December 06 Early 2022"]
[White "Crevatin, Leo"]
[Black "Ibarra Jerez, Jose Carlos"]
[WhiteFideId "1726307"]
[BlackFideId "2226332"]
[WhiteElo "2190"]
[BlackElo "2638"]
[Result "0-1"]
[Round "06"]
[TimeControl "180+1"]
[Date "2022.12.07"]
[WhiteClock "0:00:20"]
[BlackClock "0:00:33"]

1. d4 Nf6 2. Bf4 g6 3. e3 Bg7 4. Nf3 O-O 5. Be2 d6 6. h3 c5 7. c3 Be6 8. O-O Qb6 9. Qc1 Nc6 10. Nbd2 Rac8 11. Bd3 cxd4 12. exd4 Nd5 13. Nc4 Qd8 14. Bg3 b5 15. Ncd2 b4 16. Nc4 bxc3 17. bxc3 Na5 18. Nfd2 Nxc4 19. Nxc4 Nxc3 20. Qxc3 Bxc4 21. Bxc4 d5 22. Qe3 Rxc4 23. Be5 e6 24. Rfb1 Bxe5 25. dxe5 Qc7 26. Qg5 Rc8 27. h4 Re4 28. Re1 Rxe1+ 29. Rxe1 Qc3 30. Re3 Qc1+ 31. Kh2 d4 32. Rd3 Qxg5 33. hxg5 Rc4 34. Kg3 Rc3 0-1


[Site "https://www.chess.com"]

[Event "Titled Tuesday Blitz December 06 Early 2022"]
[White "Csonka, Balazs"]
[Black "Salman, Pavel"]
[WhiteFideId "742910"]
[BlackFideId "24153753"]
[WhiteElo "2404"]
[BlackElo "2187"]
[Result "0-1"]
[Round "06"]
[TimeControl "180+1"]
[Date "2022.12.07"]
[WhiteClock "0:00:02"]
[BlackClock "0:00:17"]

1. c4 Nf6 2. Nc3 c5 3. Nf3 e6 4. e3 b6 5. d4 cxd4 6. exd4 Bb7 7. Bd3 d5 8. cxd5 Nxd5 9. O-O Be7 10. Ne5 Nxc3 11. bxc3 O-O 12. Qg4 Nd7 13. Bh6 Bf6 14. Rae1 Kh8 15. Qh3 g6 16. Bxf8 Bxe5 17. Bh6 Bg7 18. Be4 Qc7 19. Qf3 Bxe4 20. Bxg7+ Kxg7 21. Qxe4 Rc8 22. Rc1 Nf6 23. Qf3 Qc4 24. Rc2 Nd5 25. Rfc1 b5 26. g3 a5 27. Kg2 h5 28. h4 a4 29. Qe2 Qxe2 30. Rxe2 Rxc3 31. Rxc3 Nxc3 32. Rc2 b4 33. Rb2 b3 34. axb3 a3 35. Rc2 a2 36. Rxc3 a1=Q 37. Rd3 Qb1 38. Rd2 Qxb3 39. Re2 Qd5+ 40. Kg1 Qxd4 41. Kg2 Qd5+ 42. Kg1 e5 43. Re3 e4 44. Re1 f5 45. Re3 Qd1+ 46. Kg2 Kf6 47. Ra3 Ke5 48. Ra5+ Kd4 49. Ra6 Qf3+ 50. Kg1 e3 51. Ra4+ Kc5 52. Rf4 Qd1+ 53. Kg2 e2 54. Rf3 e1=Q 0-1


[Site "https://www.chess.com"]